 Dungeon Crawl Stone Soup version 0.31-a0-339-gda1cbd555d (webtiles) character file.

Game seed: 3440287534835712108

2064 AIAndy the Grappler (level 9, -2/53 HPs)
             Began as an Octopode Shapeshifter on July 20, 2023.
             Was an Initiate of Gozag.
             Killed from afar by an orc wizard (7 damage)
             ... with a puff of flame
             ... on level 6 of the Dungeon.
             The game lasted 00:12:55 (6390 turns).

AIAndy the Grappler (Octopode Shapeshifter)         Turns: 6390, Time: 00:12:56

Health: -2/53      AC:  1    Str: 18    XL:     9   Next: 25%
Magic:  9/9        EV: 13    Int: 10    God:    Gozag
Gold:   450        SH:  0    Dex: 19    Spells: 8/8 levels left

rFire   . .          .
                       - Unarmed
rCold   . . .        (no shield)
rNeg    + . .        (helmet currently unavailable)
rPois   .            (no amulet)
rElec   .            N - ring of positive energy
rCorr   .            X - +6 ring of dexterity
SInv    .            (no ring)
Will    .....        (no ring)
Stlth   +++          (no ring)
HPRegen 0.28/turn    (no ring)
MPRegen 0.11/turn    (no ring)
                     (no ring)

%: no passive effects
@: beast-form
A: beast (slay +5), almost no armour, amphibious, 8 rings, camouflage 1,
gelatinous body 1, (nimble swimmer 1), tentacles
a: Begin Untransformation, Renounce Religion, Potion Petition, Call Merchant,
Bribe Branch


You were on level 6 of the Dungeon.
You worshipped Gozag.
Gozag was aware of your devotion.
You were a hulking beast.
You visited 1 branch of the dungeon, and saw 6 of its levels.

You collected 801 gold pieces.
You paid 351 gold pieces to Gozag.


Innate Abilities, Weirdness & Mutations

You are a hulking beast.
Your limbs bulge with bestial killing power. (Slay +5)
You cannot wear most types of armour.
You are amphibious.
You can wear up to eight rings at the same time.
Your skin changes colour to match your surroundings (Stealth+).
Your rubbery body absorbs attacks. (AC +1, EV +1)
((You are camouflaged when in or above water. (Stealth+)))
You have tentacles for arms and can constrict up to eight enemies at once.


   Skills:
 - Level 1.0 Fighting
 - Level 2.0 Dodging
 + Level 9.0 Unarmed Combat
 + Level 7.7 Shapeshifting


You had 8 spell levels left.
You didn't know any spells.
Your spell library contained the following spells:

 Spells                   Type           Power      Damage    Failure   Level
 Shock                    Conj/Air       0%         1d3       36%         1
 Swiftness                Air            0%         N/A       75%         3
 Airstrike                Air            0%         2d(0-16)  98%         4

Inventory:

Hand Weapons
 l - a +4 war axe
 v - a +7 morningstar
Missiles
 g - 9 boomerangs (quivered)
Jewellery
 N - a ring of positive energy (left tentacle)
 X - a +6 ring of dexterity (right tentacle)
Talismans
 b - a beast talisman
Scrolls
 e - a scroll of blinking {unknown}
 f - 4 scrolls of teleportation {unknown}
 j - a scroll of fear {unknown}
 k - a scroll of enchant weapon {unknown}
 m - a scroll of identify {unknown}
 o - a scroll of butterflies {unknown}
 q - a scroll of poison {unknown}
 r - a scroll of immolation {unknown}
 s - 2 scrolls of enchant armour {unknown}
 u - a scroll of revelation {unknown}
Potions
 a - a potion of lignification {!q}
 c - 3 potions of degeneration {unknown}
 d - a potion of resistance {unknown}
 h - a potion of berserk rage {unknown}
 i - 3 potions of haste {unknown}
 n - a potion of brilliance {unknown}
 p - a potion of mutation {unknown}
 t - a potion of attraction {unknown}

Dungeon Overview and Level Annotations

Branches:
Dungeon (6/15)             Temple (0/1) D:5

Altars:
Ashenzari
Gozag
Qazlal
Yredelemnul
The Shining One

Annotations:
D:2 Sigmund
D:4 3 runed translucent doors, Kiciri's ghost, novice DjCj
D:5 3 runed translucent doors, Jaike's ghost, novice DjCA; paps's ghost, novice OpSh

..# #...#.###.# #. ###
#####.# #.# #. #.# #.#
#S #.# #.# #.## #.#
#.# .S#
###########.###.# #o#
................# #.#
#############.######S#
# #...h{{oo# #
#..#######
#############..#
#...........#..#
#.#########....# ..#
#..#.# #.# #..#.#
#.####### #..#.#
#.......# #..#.##


You could see a water moccasin, an orc priest and an orc.


Message History

The orc priest invokes the aid of Beogh against you.
Beogh smites you!
You bump into the rock wall.
The orc wizard mumbles some strange words.
The orc wizard flickers and vanishes!
You bump into the rock wall.
You bump into the rock wall.
You bump into the rock wall.
You feel less confused. Something hits you. x2
You bludgeon something! Something hits you. x2
Something hits you.
* * * LOW HITPOINT WARNING * * *
You tentacle-slap something. Something hits you.
* * * LOW HITPOINT WARNING * * *
The orc priest calls down the wrath of Beogh upon you.
Beogh smites you!
* * * LOW HITPOINT WARNING * * *
You tentacle-slap something. Something hits you but does no damage.
You closely miss something.
The orc priest invokes the aid of Beogh against you.
Beogh smites you!
* * * LOW HITPOINT WARNING * * *
You hear some strange, mumbled words.
Something tries to affect you, but you resist.
You hear some strange, mumbled words.
A puff of flame appears from out of thin air!
The puff of flame hits you!
You die...
Your body crumbles into a pile of gold.

Skill      XL: |  1  2  3  4  5  6  7  8  9 |
---------------+----------------------------+-----
Unarmed Combat | 4 5 6 8 9 |  9.0
Shapeshifting  | 4 5 7 |  7.7
Fighting       | |  1.0
Dodging        | |  2.0

Action                     |  1- 3 |  4- 6 |  7- 9 || total
---------------------------+-------+-------+-------++-------
  Melee: Unarmed           |    39 |    79 |   121 ||   239
         Constrict         |    12 |    20 |    33 ||    65
         Tentacles         |     7 |    10 |    27 ||    44
         Punch             |     1 |     4 |     5 ||    10
  Throw: Boomerang         |     6 |    14 |     3 ||    23
 Invoke: Potion Petition   |       |       |     1 ||     1
   Stab: Sleeping          |     4 |     5 |     5 ||    14
         Distracted        |       |     2 |     1 ||     3
 Armour: Skin              |       |     3 |     8 ||    11
  Dodge: Dodged            |    13 |    47 |    55 ||   115

Levels and vault maps discovered:
D:1:      minmay_arrival_open_corners, layout_basic, minmay_misc_feat_ornament,
          minivault_19
D:2:      layout_loops_cross, basic_altar, uniq_jessica, uniq_sigmund,
          uniq_natasha
D:3:      layout_basic, nicolae_overflow_quartered_altars, uniq_robin
D:4:      layout_rooms, gammafunk_ghost_split, serial_bayou_crossing,
          uniq_edmund, uniq_eustachio
D:5:      layout_layer_cave, temple_fountains, gammafunk_ghost_cemetery,
          minmay_crossroads
D:6:      layout_loops_ring

Notes
Turn   | Place    | Note
-------+----------+-------------------------------------------
     0 | D:1      | AIAndy the Octopode Shapeshifter began the quest for the
                  | Orb.
     0 | D:1      | Reached XP level 1. HP: 13/13 MP: 1/1
   260 | D:1      | Reached XP level 2. HP: 9/18 MP: 2/2
   709 | D:2      | Noticed Sigmund
   751 | D:2      | Reached XP level 3. HP: 18/23 MP: 3/3
   908 | D:2      | Noticed Natasha
   909 | D:2      | Noticed Jessica
   922 | D:2      | Killed Jessica
  1099 | D:2      | Found a basalt altar of Yredelemnul.
  1102 | D:2      | Killed Natasha
  1103 | D:2      | Reached skill level 4 in Unarmed Combat
  1103 | D:2      | Reached XP level 4. HP: 27/28 MP: 4/4
  1245 | D:2      | Noticed Natasha
  1251 | D:2      | Killed Natasha
  1252 | D:2      | Reached skill level 4 in Shapeshifting
  1481 | D:2      | Noticed Natasha
  1488 | D:2      | Killed Natasha
  1489 | D:2      | Reached XP level 5. HP: 33/33 MP: 5/5
  1715 | D:3      | Found an opulent altar of Gozag.
  1783 | D:3      | Found a broken altar of Ashenzari.
  1829 | D:3      | Became a worshipper of Gozag Ym Sagoz the Greedy
  1940 | D:3      | Noticed Robin
  1947 | D:3      | Killed Robin
  2533 | D:3      | Found a stormy altar of Qazlal.
  2600 | D:3      | Found a glowing golden altar of the Shining One.
  2824 | D:4      | Noticed an ogre
  2827 | D:4      | Killed an ogre
  2828 | D:4      | Reached skill level 5 in Unarmed Combat
  2828 | D:4      | Reached XP level 6. HP: 15/38 MP: 6/6
  2880 | D:4      | Found a runed translucent gate.
  2880 | D:4      | Found a runed translucent gate.
  2880 | D:4      | Found a runed translucent gate.
  2880 | D:4      | Noticed Kiciri's ghost (novice DjCj)
  2886 | D:4      | HP: 3/38 [orc/+0 mace (7)]
  3209 | D:4      | Reached skill level 5 in Shapeshifting
  3209 | D:4      | Reached XP level 7. HP: 43/43 MP: 7/7
  3281 | D:4      | Noticed Eustachio
  3283 | D:4      | Noticed Edmund
  3289 | D:4      | Killed Eustachio
  3290 | D:4      | Reached skill level 6 in Unarmed Combat
  3294 | D:4      | Killed Edmund
  3620 | D:4      | Reached XP level 8. HP: 31/48 MP: 8/8
  3622 | D:4      | Reached skill level 6 in Shapeshifting
  3727 | D:4      | Reached skill level 7 in Unarmed Combat
  3835 | D:5      | Entered Level 5 of the Dungeon
  4203 | D:5      | Found a staircase to the Ecumenical Temple.
  4422 | D:5      | Reached skill level 8 in Unarmed Combat
  4518 | D:5      | Reached skill level 7 in Shapeshifting
  4573 | D:5      | Found a runed translucent gate.
  4573 | D:5      | Found a runed translucent gate.
  4574 | D:5      | Found a runed translucent gate.
  4577 | D:5      | Noticed Jaike's ghost (novice DjCA)
  4577 | D:5      | Noticed paps's ghost (novice OpSh)
  5635 | D:6      | Reached XP level 9. HP: 34/53 MP: 9/9
  6049 | D:6      | Reached skill level 9 in Unarmed Combat
  6390 | D:6      | HP: 5/53 [orc priest/divine providence (9)]
  6390 | D:6      | Killed from afar by an orc wizard

Vanquished Creatures
  Eustachio (D:4)
  Edmund (D:4)
  A water moccasin (D:5)
  An ice beast (D:5)
  3 black bears
  3 ogres
  A phantom (D:5)
  2 scorpions
  4 wights (D:6)
  3 orc priests
  A hound (D:5)
  A jelly (D:6)
  Jessica (D:2)
  2 sleepcaps (D:6)
  Natasha (thrice) (D:2)
  5 iguanas
  2 orc wizards (D:5)
  Robin (D:3)
  4 gnolls (D:4)
  6 adders
  3 white imps
  A worm (D:3)
  4 dart slugs
  12 orcs
  6 ball pythons
  3 bats
  5 endoplasms
  4 giant cockroaches
  12 goblins
  7 hobgoblins
  2 jackals (D:5)
  3 kobolds
  3 quokkas
  4 frilled lizards
  5 rats
120 creatures vanquished.

Table legend: (Time is in decaauts)
 A = Elapsed time spent in this place.
 B = Non-inter-level travel time spent in this place.
 C = Inter-level travel time spent in this place.
 D = Time resting spent in this place.
 E = Time spent auto-exploring this place.
 F = Levels seen in this place.
 G = Mean time per level.
                   A        B        C        D        E       F      G
               +--------+--------+--------+--------+--------+-----+--------+
         Total |   6384 |   6145 |    239 |    267 |   5101 |   6 | 1064.0 |
       Dungeon |   6384 |   6145 |    239 |    267 |   5101 |   6 | 1064.0 |
               +--------+--------+--------+--------+--------+-----+--------+

Top non-repeatable levels by time:
     D:5: 1777 daAuts
     D:3: 1352 daAuts
     D:2: 904 daAuts
     D:4: 882 daAuts
     D:6: 764 daAuts
     D:1: 703 daAuts

Table legend:
 A = Non-vault XP
 B = Vault XP
 C = Vault XP percentage of total XP
 D = Non-vault monster count
 E = Vault monster count
 F = Vault count percentage of total count
                 A         B        C        D         E       F
            +---------+---------+-------+---------+---------+-------
      Total |    2349 |     600 |  20.3 |     106 |      14 |  11.7
            +---------+---------+-------+---------+---------+-------
        D:1 |      31 |       0 |   0.0 |      17 |       0 |   0.0
        D:2 |      92 |      72 |  43.9 |      14 |       2 |  12.5
        D:3 |      81 |      30 |  27.0 |      20 |       8 |  28.6
        D:4 |     696 |     353 |  33.7 |      22 |       2 |   8.3
        D:5 |     810 |     145 |  15.2 |      21 |       2 |   8.7
        D:6 |     639 |       0 |   0.0 |      12 |       0 |   0.0
            +---------+---------+-------+---------+---------+-------
